 Dungeon Crawl Stone Soup version 0.30-a0-422-g946f4849ff (webtiles) character file.

Game seed: 8459702170116406733

26747 IdlyInterested the Cruncher (level 13, -2/105 HPs)
             Began as a Demonspawn Wanderer on Dec 8, 2022.
             Was an Elder of Makhleb.
             Killed from afar by Azrael (28 damage)
             ... with damnation
             ... on level 14 of the Dungeon on Dec 9, 2022.
             The game lasted 00:51:18 (11903 turns).

IdlyInterested the Cruncher (Demonspawn Wanderer)  Turns: 11903, Time: 00:51:20

Health: -2/105     AC: 22    Str: 13    XL:     13   Next: 0%
Magic:  17/17      EV: 12    Int: 20    God:    Makhleb [****..]
Gold:   723        SH:  5    Dex: 13    Spells: 18/18 levels left

rFire   + . .      SeeInvis .    m - +4 lajatang (spect)
rCold   + . .      Faith    .    (shield currently unavailable)
rNeg    . . .      Spirit   .    p - +2 ring mail {Will+}
rPois   +          Reflect  +    v - +2 helmet
rElec   +          Harm     .    L - +2 cloak
rCorr   +          Rampage  .    D - +2 pair of gloves
Will    +....                    (boots unavailable)
Stlth   +++.......               t - amulet of reflection
HPRegen 0.37/turn                a - +4 ring of protection
MPRegen 0.15/turn                P - ring of poison resistance

@: mighty, resistant, studying Ice Magic
A: hooves 3, ignite blood 2, powered by pain 1, sturdy frame 2, clever 1,
MP-powered wands
a: Renounce Religion, Minor Destruction, Lesser Servant of Makhleb, Major
Destruction


You were on level 14 of the Dungeon.
You worshipped Makhleb.
Makhleb was greatly pleased with you.
You visited 2 branches of the dungeon, and saw 15 of its levels.

You collected 751 gold pieces.
You spent 28 gold pieces at shops.

Inventory:

Hand Weapons
 m - a +4 spectral lajatang (weapon)
 F - a +3 halberd
Missiles
 b - 5 throwing nets
 f - 5 datura-tipped darts
 h - 20 poisoned darts
 q - 5 silver javelins
 w - 9 boomerangs (quivered)
Armour
 k - +0 acid dragon scales
 p - a +2 ring mail of willpower (worn)
 v - a +2 helmet (worn)
 D - a +2 pair of gloves (worn)
 E - +0 steam dragon scales
 J - the +1 robe of the Orb Guardian {Int+2}
   (You found it on level 7 of the Dungeon)

   Int:       It affects your intelligence (+2).
 L - a +2 cloak (worn)
 U - a +0 buckler
Magical Staves
 C - a staff of earth
 Z - a staff of conjuration
Jewellery
 a - a +4 ring of protection (left hand)
 t - an amulet of reflection (around neck)
 P - a ring of poison resistance (right hand)
 V - a ring of flight
Wands
 c - a wand of flame (33)
 g - a wand of paralysis (12)
 B - a wand of mindburst (12)
 H - a wand of iceblast (18)
Scrolls
 n - 2 scrolls of magic mapping
 o - a scroll of fear
 G - 2 scrolls of poison
 I - 4 scrolls of butterflies
 O - 2 scrolls of teleportation
 T - a scroll of immolation
 W - a scroll of identify
 X - 2 scrolls of vulnerability
Potions
 d - 8 potions of curing
 e - 2 potions of brilliance
 i - 6 potions of attraction
 j - a potion of mutation
 l - 2 potions of heal wounds
 s - 2 potions of might
 u - a potion of berserk rage
 z - 2 potions of invisibility
 A - a potion of flight
 K - a potion of ambrosia
 M - a potion of haste
 R - 2 potions of lignification
Miscellaneous
 Y - a phial of floods


   Skills:
 + Level 10.9 Fighting
 - Level 14.0 Staves
 - Level 1.0 Throwing
 + Level 6.2 Armour
 - Level 3.0 Dodging
 * Level 4.8 Stealth
 - Level 3.0 Spellcasting
 * Level 1.1 Conjurations
 - Level 2.0 Ice Magic
 - Level 2.0 Earth Magic
 - Level 6.0 Invocations
 - Level 6.0 Evocations


You had 18 spell levels left.
You didn't know any spells.
Your spell library contained the following spells:

 Spells                   Type           Power      Damage    Failure   Level
 Freeze                   Ice            44%        1d6       7%          1
 Summon Small Mammal      Summ           12%        N/A       16%         1
 Momentum Strike          Conj/Tloc      10%        3d8       19%         2
 Ozocubu's Armour         Ice            11%        N/A       21%         3
 Blink                    Tloc           6%         N/A       24%         2
 Cigotuvi's Dreadful Rot  Necr/Pois/Air  6%         N/A       24%         2
 Hailstorm                Conj/Ice       9%         3d4       26%         3
 Call Canine Familiar     Summ           3%         N/A       43%         3
 Gell's Gravitas          Tloc           3%         N/A       43%         3
 Ignite Poison            Fire/Tmut/Pois 3%         N/A       43%         3
 Lesser Beckoning         Tloc           6%         N/A       43%         3
 Summon Guardian Golem    Hex/Summ       3%         N/A       43%         3
 Teleport Other           Tloc           3%         N/A       43%         3
 Vhi's Electric Charge    Tloc/Air       6%         N/A       43%         3
 Leda's Liquefaction      Hex/Erth       3%         N/A       71%         4
 Summon Ice Beast         Ice/Summ       7%         N/A       71%         4
 Sticky Flame             Conj/Fire      5%         2d3       77%         4
 Anguish                  Hex/Necr       1%         N/A       83%         4
 Dispel Undead            Necr           3%         3d7       83%         4
 Manifold Assault         Tloc           3%         N/A       83%         4
 Lee's Rapid Deconstruct  Erth           5%         3d6*      88%         5
 Metabolic Englaciation   Hex/Ice        3%         N/A       96%         5
 Arcjolt                  Conj/Air       2%         1d12      98%         5
 Summon Mana Viper        Hex/Summ       3%         N/A       99%         5
 Death Channel            Necr           1%         N/A       100%        6
 Dispersal                Tloc           1%         N/A       100%        6
 Simulacrum               Ice/Necr       3%         N/A       100%        6
 Statue Form              Tmut/Erth      4%         N/A       100%        6
 Enfeeble                 Hex            1%         N/A       100%        7
 Monstrous Menagerie      Summ           1%         N/A       100%        7
 Disjunction              Tloc           1%         N/A       100%        8
 Ignition                 Fire           1%         3d3       100%        8
 Maxwell's Capacitive Co  Air            1%         ∞         100%        8


Dungeon Overview and Level Annotations

Branches:
Dungeon (14/15)            Temple (1/1) D:7            Lair (0/5) D:8
    Orc (0/2) D:12
 Vaults: D:13-14

Altars:
Ashenzari
Cheibriados
Dithmenos
Fedhas
Gozag
Hepliaklqana
Kikubaaqudgha
Makhleb
Nemelex Xobeh
Okawaru
Qazlal
Ru
Sif Muna
Trog
Uskayaw
Vehumet
Wu Jian
Xom
Yredelemnul

Shops:
D:9 *   D:13 ?

Annotations:
D:14 Azrael


Innate Abilities, Weirdness & Mutations

You have hooves in place of feet.
Your demonic aura often causes spilled blood to erupt in flames.
You sometimes gain a little power by taking damage.
Your movements are less encumbered by armour. (ER -4)
Your mind is acute. (Int +4, Str/Dex -1)
You expend magic power (3 MP) to strengthen your wands.


Message History

Makhleb accepts your kill.
You feel better.
You hear a bark!
The hell hound breathes flames at you. The blast of flame hits you!!
* * * LOW HITPOINT WARNING * * *
You focus on the pain.
You feel mightier all of a sudden. The hell hound bites you.
* * * LOW HITPOINT WARNING * * *
You have reached level 13!
Your demonic ancestry asserts itself...
You feel less encumbered by your armour.
You feel much better.
The hell hound bites you but does no damage.
The hell hound misses you. The hell hound barely misses you.
You feel protected. The hell hound barely misses you.
The hell hound bites you but does no damage.
You barely miss the hell hound. You kick the hell hound!
The hell hound is moderately wounded.
Your +4 spectral lajatang barely misses the hell hound.
The hell hound bites you.
* * * LOW HITPOINT WARNING * * *
The hell hound breathes flames at you. The blast of flame hits you! You resist.
* * * LOW HITPOINT WARNING * * *
You closely miss the hell hound. You kick the hell hound.
The hell hound is heavily wounded.
Your +4 spectral lajatang hits the hell hound!!
You kill the hell hound!
Makhleb accepts your kill.
You feel better.
The hell hound bites you but does no damage.
The hell hound breathes flames at you.
The blast of flame hits you but does no damage.
You resist. Azrael gestures at you.
The sphere of damnation explodes!
The damnation engulfs you!!
You die...

#.....)....#
##....##....##
#....).......#
#........#..##
#............##
###....#........#
#.........#......#
#........(#..#....#
.....##.#.@..#...##
........°h####
......h.oR#
.?.....oh##
...~♣....#
.P~~♣~E..# ..♣
♣.○.?# .. °○...#
°.☼.°..


You could see Azrael, a fire elemental, 3 hell hounds, 2 orcs and a friendly +4
spectral lajatang (summoned).

Vanquished Creatures
  Kirke (D:14)
  Nessos (D:14)
  2 two-headed ogres
  A boulder beetle (D:13)
  4 centaur warriors
  3 tengu warriors
  4 deep elf pyromancers
  3 cyclopes
  7 ugly things
  Maurice (D:8)
  Maggie (D:6)
  2 gargoyles
  An unseen horror (D:12)
  A komodo dragon (D:11)
  A tengu conjurer (D:14)
  2 trolls (D:10)
  Grinder (D:3)
  Sigmund (D:3)
  6 wyverns
  3 wraiths
  A shadow (D:9)
  2 vampires
  A fire elemental (D:14)
  3 basilisks
  15 yaks
  12 vampire mosquitoes
  A steam dragon (D:6)
  Edmund (D:5)
  2 swamp worms (D:8)
  An acid dragon (D:12)
  4 water moccasins (D:8)
  3 orc warriors
  A hell hound (D:14)
  8 centaurs
  4 ogres
  6 phantoms
  A bullfrog (D:6)
  2 kobold brigands (D:8)
  Blork the orc (D:5)
  2 scorpions
  A gnoll sergeant (D:10)
  A necrophage (D:5)
  10 wights
  A troll zombie (D:12)
  6 killer bees (D:9)
  2 howler monkeys
  5 orc priests
  2 hounds (D:5)
  A jelly (D:7)
  4 iguanas
  12 orc wizards
  7 ogre zombies (D:12)
  Robin (D:4)
  6 gnolls
  10 adders
  A white imp (D:6)
  An ufetubus (D:6)
  3 dart slugs
  22 orcs
  3 ball pythons
  2 endoplasms
  A giant cockroach (D:3)
  16 goblins
  2 hobgoblins
  4 quokkas
  A bat (D:3)
  3 frilled lizards
  2 goblin skeletons (D:12)
  2 goblin zombies (D:12)
  4 hobgoblin zombies (D:12)
  19 kobolds
  An orc skeleton (D:12)
  16 orc zombies (D:12)
  5 rats
294 creatures vanquished.

Vanquished Creatures (others)
  3 humans (D:14)
  An orc priest (D:14)
  2 fungi (D:8)
  8 plants
14 creatures vanquished.

Grand Total: 308 creatures vanquished

Notes
Turn   | Place    | Note
-------+----------+-------------------------------------------
     0 | D:1      | IdlyInterested the Demonspawn Wanderer began the quest for
                  | the Orb.
     0 | D:1      | IdlyInterested set off with the following items: a +0 club,
                  | 3 throwing nets, a wand of flame (3), a potion of curing, a
                  | +0 leather armour; and the following spell memorised:
                  | Freeze; and the following spells available to memorise:
                  | Hailstorm.
     0 | D:1      | Reached XP level 1. HP: 13/13 MP: 2/2
   258 | D:1      | Gained mutation: You have large cloven feet. [demonic
                  | ancestry]
   258 | D:1      | Reached XP level 2. HP: 19/20 MP: 3/3
   342 | D:1      | Reached skill level 1 in Fighting
   798 | D:2      | Found a blossoming altar of Fedhas.
   803 | D:2      | Reached skill level 1 in Throwing
   803 | D:2      | Gained mutation: You have hoof-like feet. [demonic
                  | ancestry]
   803 | D:2      | Reached XP level 3. HP: 11/27 MP: 4/4
  1026 | D:2      | Gained mutation: Your movements are slightly less
                  | encumbered by armour. (ER -2) [demonic ancestry]
  1026 | D:2      | Reached XP level 4. HP: 34/34 MP: 5/5
  1264 | D:3      | Noticed Sigmund
  1284 | D:3      | Killed Sigmund
  1285 | D:3      | Reached skill level 5 in Fighting
  1285 | D:3      | Reached skill level 1 in Stealth
  1285 | D:3      | Gained mutation: You sometimes gain a little power by
                  | taking damage. [demonic ancestry]
  1285 | D:3      | Reached XP level 5. HP: 33/44 MP: 6/6
  1478 | D:3      | Identified a scroll of acquirement
  1478 | D:3      | Acquired a +3 spectral lajatang
  1784 | D:3      | Reached XP level 6. HP: 51/51 MP: 7/7
  1841 | D:3      | Noticed Grinder
  1866 | D:3      | Paralysed by Grinder for 3 turns
  1886 | D:3      | Paralysed by Grinder for 5 turns
  1897 | D:3      | Killed Grinder
  1898 | D:3      | Reached skill level 2 in Staves
  1937 | D:3      | Found a hide-covered altar of Uskayaw.
  2625 | D:4      | Gained mutation: Your demonic aura sometimes causes spilled
                  | blood to erupt in flames. [demonic ancestry]
  2625 | D:4      | Reached XP level 7. HP: 56/56 MP: 8/8
  2844 | D:4      | Found a sparkling altar of Nemelex Xobeh.
  2849 | D:4      | Noticed Robin
  2859 | D:4      | Reached skill level 3 in Staves
  2860 | D:4      | Killed Robin
  3188 | D:5      | Entered Level 5 of the Dungeon
  3332 | D:5      | Reached skill level 4 in Staves
  3389 | D:5      | Noticed a wyvern
  3395 | D:5      | Killed a wyvern
  3396 | D:5      | Reached skill level 5 in Staves
  3396 | D:5      | Gained mutation: Your demonic aura often causes spilled
                  | blood to erupt in flames. [demonic ancestry]
  3396 | D:5      | Reached XP level 8. HP: 49/63 MP: 9/9
  3669 | D:5      | Noticed Edmund
  3674 | D:5      | Killed Edmund
  3801 | D:5      | Reached skill level 6 in Staves
  4055 | D:5      | Noticed Blork the orc
  4060 | D:5      | Killed Blork the orc
  4167 | D:6      | Noticed Maggie
  4175 | D:6      | Killed Maggie
  4176 | D:6      | Reached skill level 7 in Staves
  4367 | D:6      | Reached XP level 9. HP: 24/69 MP: 10/10
  4562 | D:6      | Found a snail-covered altar of Cheibriados.
  4626 | D:6      | Found a stormy altar of Qazlal.
  4685 | D:6      | Reached skill level 8 in Staves
  4828 | D:6      | Reached skill level 1 in Earth Magic
  4997 | D:7      | Found a staircase to the Ecumenical Temple.
  5033 | Temple   | Entered the Ecumenical Temple
  5384 | D:7      | Reached skill level 9 in Staves
  5461 | D:7      | Found an ancient bone altar of Kikubaaqudgha.
  5471 | D:7      | Identified the +1 robe of the Orb Guardian {Int+2}
  6050 | Temple   | Became a worshipper of Makhleb the Destroyer
  6136 | D:8      | Reached skill level 10 in Staves
  6144 | D:8      | Reached XP level 10. HP: 40/76 MP: 11/11
  6272 | D:8      | Reached * piety under Makhleb
  6273 | D:8      | Reached skill level 11 in Staves
  6351 | D:8      | Found a shadowy altar of Dithmenos.
  6594 | D:8      | Found a staircase to the Lair.
  6607 | D:8      | Found a radiant altar of Vehumet.
  6792 | D:8      | Noticed Maurice
  6799 | D:8      | Killed Maurice
  6977 | D:8      | Found an ornate altar of the Wu Jian Council.
  7390 | D:9      | Reached skill level 12 in Staves
  7424 | D:9      | Noticed a gargoyle
  7429 | D:9      | Killed a gargoyle
  7435 | D:9      | Identified the +2 great sword of Regicide {vorpal, rPois}
  7536 | D:9      | Reached XP level 11. HP: 80/83 MP: 12/12
  7610 | D:9      | Reached skill level 13 in Staves
  7612 | D:9      | Reached ** piety under Makhleb
  7873 | D:9      | Found Zumaus's Elemental Accessories.
  8011 | D:10     | Entered Level 10 of the Dungeon
  8588 | D:10     | Found a bloodstained altar of Trog.
  8635 | D:10     | Noticed a two-headed ogre
  8647 | D:10     | Killed a two-headed ogre
  8650 | D:10     | Gained mutation: You expend magic power (3 MP) to
                  | strengthen your wands. [potion of mutation]
  8650 | D:10     | Gained mutation: You have hooves in place of feet. [potion
                  | of mutation]
  8650 | D:10     | Gained mutation: Your mind is acute. (Int +4, Str/Dex -1)
                  | [potion of mutation]
  9363 | D:11     | You fall into a shaft and drop 2 floors!
  9377 | D:13     | Noticed a cyan ugly thing
  9384 | D:13     | Reached skill level 5 in Armour
  9387 | D:13     | Killed a cyan ugly thing
  9388 | D:13     | Reached skill level 14 in Staves
  9478 | D:13     | Noticed a tengu warrior
  9483 | D:13     | Killed a tengu warrior
  9484 | D:13     | Reached skill level 1 in Invocations
  9516 | D:13     | Noticed a white ugly thing
  9523 | D:13     | Killed a white ugly thing
  9590 | D:13     | Found Isaranaz's Magic Scroll Boutique.
  9599 | D:13     | Bought a scroll of identify for 28 gold pieces
  9631 | D:13     | Noticed a tengu warrior
  9638 | D:13     | Killed a tengu warrior
  9780 | D:13     | Noticed a centaur warrior
  9784 | D:13     | Killed a centaur warrior
  9970 | D:13     | Noticed a deep elf pyromancer
  9972 | D:13     | Noticed a boulder beetle
  9975 | D:13     | Killed a deep elf pyromancer
  9981 | D:13     | Killed a boulder beetle
 10021 | D:13     | Noticed a centaur warrior
 10028 | D:13     | Killed a centaur warrior
 10029 | D:13     | Reached skill level 5 in Invocations
 10031 | D:13     | Reached XP level 12. HP: 68/94 MP: 15/15
 10213 | D:12     | Acquired a manual of Ice Magic
 10234 | D:12     | Found a staircase to the Orcish Mines.
 10236 | D:12     | Noticed a two-headed ogre
 10245 | D:12     | Reached *** piety under Makhleb
 10258 | D:12     | Killed a two-headed ogre
 10329 | D:12     | Reached skill level 5 in Evocations
 10620 | D:12     | Reached **** piety under Makhleb
 11667 | D:14     | Noticed a centaur warrior
 11668 | D:14     | Noticed Nessos
 11672 | D:14     | Reached skill level 10 in Fighting
 11672 | D:14     | Noticed Kirke
 11679 | D:14     | Killed Kirke
 11680 | D:14     | Killed a centaur warrior
 11687 | D:14     | Killed Nessos
 11736 | D:14     | Noticed a centaur warrior
 11739 | D:14     | Noticed a tengu warrior
 11744 | D:14     | Killed a tengu warrior
 11745 | D:14     | Killed a centaur warrior
 11759 | D:14     | Reached skill level 1 in Conjurations
 11888 | D:14     | Noticed Azrael
 11900 | D:14     | Gained mutation: Your movements are less encumbered by
                  | armour. (ER -4) [demonic ancestry]
 11900 | D:14     | Reached XP level 13. HP: 11/105 MP: 17/17
 11903 | D:14     | Killed from afar by Azrael

Illustrated notes

Levels and vault maps discovered:
D:1:      lemuel_arrival_lava_pool, layout_basic
D:2:      layout_loops_ring, basic_altar, minmay_misc_feat_four_crosses
D:3:      layout_basic, lemuel_round_altar, chequers_big_river, uniq_grinder,
          uniq_sigmund
D:4:      wad_pebble_path, layout_rooms, mainiacjoe_overflow_paths, uniq_robin
D:5:      layout_loops_ring, uniq_edmund, uniq_blork_the_orc
D:6:      layout_cave_pools, grunt_qazlal_clouds, mainiacjoe_overflow_alcove_4,
          uniq_maggie
D:7:      layout_loops_corners, kiku_gazebo_garden_becter,
          minmay_temple_entry_tees, hex_tiny, skrybe_limestone_x
D:8:      layout_cave_pods, vehumet_altar_wand_db, mainiacjoe_overflow_chevrons,
          mainiacjoe_overflow_catwalk_spiral, minmay_lair_entry_grove,
          worms_lemuel, uniq_maurice
D:9:      minmay_ornate_pinched, layout_basic, nicolae_elemental_shop,
          amethyst_killhole
D:10:     layout_loops_corners, mainiacjoe_overflow_alcove_1
D:11:     layout_loops_ring
D:12:     layout_gridville, zombieorc2_lemuel
D:13:     layout_basic, serial_shops, nicolae_lakefront_shop
D:14:     minmay_polygon_palace, layout_cave_pools,
          skrybe_vaults_entry_preservation, serial_bayou_pond_d,
          hangedman_incinerator, uniq_azrael, uniq_nessos, uniq_kirke
Temple:   nicolae_temple_hex_pool

Skill      XL: |  1  2  3  4  5  6  7  8  9 10 11 12 |
---------------+-------------------------------------+-----
Dodging        | 3 |  3.0
Fighting       | 1 2 5 6 8 10 | 10.9
Ice Magic      | 2 |  2.0
Throwing       | 1 |  1.0
Stealth        | 1 4 |  4.8
Staves         | 2 5 7 10 12 14 | 14.0
Armour         | 2 3 4 6 |  6.2
Earth Magic    | 2 |  2.0
Invocations    | 5 6 |  6.0
Evocations     | 4 6 |  6.0
Spellcasting   | 3 |  3.0
Conjurations   | 1 |  1.1

Action                   |  1- 3 |  4- 6 |  7- 9 | 10-12 | 13-15 || total
-------------------------+-------+-------+-------+-------+-------++-------
Melee: Hand axe          |    17 |       |       |       |       ||    17
       Short sword       |    38 |    15 |       |       |       ||    53
       Club              |     2 |       |       |       |       ||     2
       Kick              |     6 |    10 |    38 |   102 |     2 ||   158
       Lajatang          |       |    21 |   122 |   323 |     2 ||   468
Throw: Stone             |     4 |    14 |    31 |     1 |       ||    50
       Boomerang         |       |       |       |     6 |       ||     6
       Javelin           |       |       |       |     1 |       ||     1
 Cast: Freeze            |     1 |       |       |       |       ||     1
Evoke: Wand              |       |     1 |       |     6 |       ||     7
  Use: Scroll            |     5 |     5 |     5 |    16 |       ||    31
       Potion            |     1 |       |     2 |     3 |     2 ||     8
 Stab: Distracted        |       |       |     1 |     1 |       ||     2
       Sleeping          |       |       |     1 |     2 |       ||     3
Armor: Leather armour    |     9 |       |       |       |       ||     9
       Scale mail        |       |    15 |    17 |       |       ||    32
       Plate armour      |       |       |    25 |       |       ||    25
       Acid dragon scale |       |       |    23 |   119 |       ||   142
       Ring mail         |       |       |       |    21 |     3 ||    24
Dodge: Dodged            |    25 |     6 |    47 |   168 |     3 ||   249
Block: Other             |       |     5 |    26 |    72 |       ||   103
       Reflection        |       |       |     2 |     9 |       ||    11

Table legend: (Time is in decaauts)
 A = Elapsed time spent in this place.
 B = Non-inter-level travel time spent in this place.
 C = Inter-level travel time spent in this place.
 D = Time resting spent in this place.
 E = Time spent auto-exploring this place.
 F = Levels seen in this place.
 G = Mean time per level.
                   A        B        C        D        E       F      G
               +--------+--------+--------+--------+--------+-----+--------+
         Total |  11910 |  10274 |   1636 |    929 |   6713 |  15 |  794.0 |
       Dungeon |  11723 |  10168 |   1555 |    929 |   6622 |  14 |  837.4 |
        Temple |    187 |    107 |     80 |      0 |     91 |   1 |  187.0 |
               +--------+--------+--------+--------+--------+-----+--------+

Top non-repeatable levels by time:
     D:3: 1351 daAuts
     D:8: 1198 daAuts
    D:10: 1155 daAuts
     D:7: 1033 daAuts
     D:6: 929 daAuts
     D:2: 829 daAuts
     D:5: 815 daAuts
     D:9: 814 daAuts
    D:13: 776 daAuts
    D:12: 731 daAuts
    D:11: 691 daAuts
     D:1: 588 daAuts
     D:4: 552 daAuts
    D:14: 256 daAuts
  Temple: 187 daAuts
